 Dungeon Crawl Stone Soup version 0.20.1-1-g8b1a95d (webtiles) character file.

315 polve the Changer (level 6, 0/48 HPs)
             Began as a Merfolk Transmuter on Aug 8, 2017.
             Slain by a quasit (1 damage)
             ... summoned by Eustachio
             ... on level 4 of the Dungeon.
             The game lasted 00:06:18 (4825 turns).

polve the Changer (Merfolk Transmuter)              Turns: 4825, Time: 00:06:18

Health: 0/48       AC:  2    Str: 10      XL:     6   Next: 43%
Magic:  9/9        EV: 13    Int: 20      God:
Gold:   163        SH:  0    Dex: 15 (16) Spells: 3/9 levels left

rFire    . . .     SeeInvis .   n - +1 short sword (venom)
rCold    . . .     Gourm    .   (no shield)
rNeg     . . .     Faith    .   b - +0 robe
rPois    .         Spirit   .   (no helmet)
rElec    .         Reflect  .   (no cloak)
rCorr    .         Harm     .   (no gloves)
MR       .....                  (no boots)
Stlth    +.........             (no amulet)
Regen    0.2/turn               t - +2 ring of dexterity
MPRegen  0.2/turn               (no ring)

@: brilliant
A: change form in water, swift swim, stealthy swim
a: no special abilities


You were on level 4 of the Dungeon.
You were not hungry.

You visited 1 branch of the dungeon, and saw 4 of its levels.

You collected 163 gold pieces.

Inventory:

Hand Weapons
 n - a +1 short sword of venom (weapon)
Missiles
 a - 64 arrows
Armour
 b - a +0 robe (worn)
Jewellery
 t - a +2 ring of dexterity (left hand)
Wands
 k - a wand of acid (8/15)
 m - a wand of digging (17/24)
Scrolls
 e - a scroll of recharging {unknown}
 f - 6 scrolls of remove curse {unknown}
 i - 3 scrolls of fog {unknown}
 l - 5 scrolls of identify {unknown}
 p - a scroll of amnesia {unknown}
 s - a scroll of fear {unknown}
Potions
 g - a potion of brilliance
 j - 2 potions of ambrosia {unknown}
 o - a potion of lignification {unknown}
 r - 2 potions of mutation {unknown}
Books
 c - a book of Changes

   Spells                             Type                      Level
   a - Beastly Appendage              Transmutation                1
   b - Sticks to Snakes               Transmutation                2
   c - Spider Form                    Transmutation/Poison         3
   d - Ice Form                       Ice/Transmutation            4
   e - Blade Hands                    Transmutation                5
Comestibles
 d - a bread ration
 q - 2 meat rations
 u - a chunk of flesh


   Skills:
 + Level 3.8 Fighting
 - Level 2.6 Dodging
 + Level 4.9 Unarmed Combat
 - Level 2.0 Spellcasting
 - Level 5.1 Transmutations
 - Level 2.0 Poison Magic


You had 3 spell levels left.
You knew the following spells:

 Your Spells              Type           Power        Failure   Level  Hunger
a - Beastly Appendage     Tmut           ####..       1%          1    #......
b - Sticks to Snakes      Tmut           ####....     1%          2    ##.....
c - Spider Form           Tmut/Pois      ####......   1%          3    ###....


Dungeon Overview and Level Annotations

Branches:
Dungeon (4/15)
 Temple: D:4-7

Altars:
Uskayaw

Annotations:
D:4 Eustachio


Message History

* * * LOW HITPOINT WARNING * * *
The ufetubus hits you.
* * * LOW HITPOINT WARNING * * *
The worker ant barely misses you.
The quasit bites you but does no damage.
The quasit claws you but does no damage.
The quasit claws you.
* * * LOW HITPOINT WARNING * * *
The white imp hits you but does no damage.
Eustachio mumbles some strange words.
Eustachio blinks!
The ufetubus completely misses you. The ufetubus hits you.
* * * LOW HITPOINT WARNING * * *
A phantom comes into view.
Okay, then.
It was a potion of brilliance.
You feel clever all of a sudden. The quasit closely misses you.
The quasit claws you but does no damage.
The quasit claws you.
You die...

#...##..=# .
#...####.# ..# ##
#.....##.####...#
##.###...#.##.........
...........W†.ar......
###....#..####†......
#....#.............
#...5#ar###.....>..
##..5@5r# .......
#####..##@## ...>...
########.[...###r#
######. .........###.#
#r.
........<###.####.#
................ ..
.........###.### #..
########## #.# .. ..#


You could see Eustachio, a phantom, a worker ant, a quasit, a white imp, an
ufetubus, 3 quokkas and a rat.

Vanquished Creatures
  A howler monkey (D:4)
  Jessica (D:2)
  An iguana (D:3)
  3 orc wizards (D:3)
  5 adders
  4 worms (D:2)
  3 dart slugs
  5 leopard geckos
  5 orcs (D:3)
  A ball python (D:3)
  A giant cockroach (D:2)
  8 goblins
  8 hobgoblins
  6 jackals
  7 bats
  4 frilled lizards
  8 kobolds
  22 rats
93 creatures vanquished.

Notes
Turn   | Place    | Note
-------+----------+-------------------------------------------
     0 | D:1      | polve the Merfolk Transmuter began the quest for the Orb.
     0 | D:1      | Reached XP level 1. HP: 15/15 MP: 3/3
   197 | D:1      | Reached skill level 3 in Transmutations
   474 | D:1      | Reached XP level 2. HP: 12/21 MP: 5/5
   735 | D:1      | Reached skill level 4 in Transmutations
  1064 | D:2      | Reached XP level 3. HP: 3/26 MP: 4/6
  1068 | D:2      | Learned a level 2 spell: Sticks to Snakes
  1072 | D:2      | Learned a level 3 spell: Spider Form
  1785 | D:2      | Reached skill level 5 in Transmutations
  2034 | D:2      | Reached skill level 1 in Poison Magic
  2074 | D:2      | Reached XP level 4. HP: 32/32 MP: 7/7
  2796 | D:2      | Noticed Jessica
  2800 | D:2      | Killed Jessica
  3104 | D:3      | Reached XP level 5. HP: 22/38 MP: 8/8
  3989 | D:3      | Noticed a dagger
  3989 | D:3      | Found a hide-covered altar of Uskayaw.
  3990 | D:3      | Noticed a hand axe
  4001 | D:3      | Reached XP level 6. HP: 41/47 MP: 7/9
  4803 | D:4      | Noticed a phantom
  4806 | D:4      | Noticed Eustachio
  4823 | D:4      | HP: 1/48 [ufetubus[Eustachio] (2)]
  4825 | D:4      | Noticed a phantom
  4825 | D:4      | Slain by a quasit

Skill      XL: |  1  2  3  4  5 |
---------------+----------------+-----
Transmutations | 3 4 5 |  5.1
Poison Magic   | 1 2 |  2.0
Fighting       | 2 3 |  3.8
Unarmed Combat | 4 |  4.9
Dodging        | |  2.6
Spellcasting   | |  2.0

Action                   |  1- 3 |  4- 6 || total
-------------------------+-------+-------++-------
Melee: Unarmed           |    92 |       ||    92
       Headbutt          |     8 |     9 ||    17
       Punch             |     2 |     2 ||     4
       Short sword       |    40 |   162 ||   202
 Cast: Beastly Appendage |    12 |    13 ||    25
  Use: Potion            |       |     4 ||     4
 Stab: Sleeping          |     3 |     3 ||     6
  Eat: Chunk             |     4 |     9 ||    13
Armor: Robe              |    10 |    32 ||    42
Dodge: Dodged            |    79 |   151 ||   230
